 Dungeon Crawl Stone Soup version 0.27-a0-1196-g3e9cee4cb2 (webtiles) character file.

Game seed: 5552743862799614101

13 Alter the Cudgeller (level 2, 0/22 HPs)
             Began as a Demonspawn Gladiator on May 28, 2021.
             Slain by a goblin
             ... wielding a +0 dagger
              (3 damage)
             ... on level 1 of the Dungeon.
             The game lasted 00:01:21 (554 turns).

Alter the Cudgeller (Demonspawn Gladiator)           Turns: 554, Time: 00:01:22

Health: 0/22       AC:  4    Str: 14    XL:     2   Next: 24%
Magic:  2/2        EV: 12    Int:  9    God:
Gold:   19         SH:  0    Dex: 14    Spells: 1/1 levels left

rFire    . . .     SeeInvis .   a - +0 flail
rCold    . . .     Faith    .   (no shield)
rNeg     . . .     Spirit   .   b - +0 leather armour
rPois    .         Reflect  .   c - +0 helmet
rElec    .         Harm     .   (no cloak)
rCorr    .         Rampage  .   (no gloves)
Will     .....                  (no boots)
Stlth    +.........             (no amulet)
HPRegen  0.07/turn              (no ring)
MPRegen  0.08/turn              (no ring)

@: no status effects
A: demonic magic 1
a: no special abilities


You were on level 1 of the Dungeon.
You visited 1 branch of the dungeon, and saw 1 of its levels.

You collected 19 gold pieces.

Inventory:

Hand Weapons
 a - a +0 flail (weapon)
Missiles
 d - 3 throwing nets (quivered)
Armour
 b - a +0 leather armour (worn)
 c - a +0 helmet (worn)
Scrolls
 e - a scroll of enchant armour {unknown}
 f - a scroll of magic mapping {unknown}


   Skills:
 + Level 2.0 Fighting
 + Level 3.1 Maces & Flails
 - Level 1.7 Throwing
 + Level 0.1 Armour
 + Level 3.0 Dodging


You had one spell level left.
You didn't know any spells.
Your spell library was empty.

Dungeon Overview and Level Annotations

Branches:
Dungeon (1/15)

Altars:


Innate Abilities, Weirdness & Mutations

Spells you cast may paralyse adjacent enemies.


Message History

You barely miss the quokka.
The quokka bites you but does no damage.
The goblin closely misses you. The rat closely misses you.
The quokka bites you.
You closely miss the quokka. The quokka bites you.
The goblin hits you with a +0 dagger. The rat bites you but does no damage.
The quokka bites you but does no damage.
The quokka closely misses you. The quokka closely misses you.
The quokka barely misses you. The goblin hits you with a +0 dagger.
A ball python comes into view.
A frilled lizard comes into view.
The quokka closely misses you.
Found a hand axe. 2 rats come into view.
The rat twitches its whiskers.
The rat bites you. The rat closely misses you.
You hit the quokka.
The quokka is severely wounded.
The quokka barely misses you. The quokka misses you.
You barely miss the quokka.
The quokka is severely wounded.
The quokka bites you.
* * * LOW HITPOINT WARNING * * *
The goblin misses you.
You hit the quokka.
You kill the quokka!
The goblin hits you but does no damage.
Your Dodging skill increases to level 3!
You sock the rat!
You kill the rat!
The goblin hits you with a +0 dagger.
* * * LOW HITPOINT WARNING * * *
The frilled lizard bites you but does no damage.
You sock the frilled lizard!
You kill the frilled lizard!
The goblin hits you with a +0 dagger.
You die...

#. #....# #..
#....## ....
......
#...###.#..##
............#.#
.............
#.....g.# #
#..##@#.# #.#.
#..##r#.# .#
#.#.##..#.r..#..##
#
..................
#
#.#...............
#
#....#.....##...##
#
#.......#.###.....
#
#...#...).......#.
#.................


You could see a goblin and 2 rats.

Vanquished Creatures
  A giant cockroach (D:1)
  3 quokkas (D:1)
  4 ball pythons (D:1)
  A bat (D:1)
  3 frilled lizards (D:1)
  A kobold (D:1)
  A rat (D:1)
14 creatures vanquished.

Notes
Turn   | Place    | Note
-------+----------+-------------------------------------------
     0 | D:1      | Alter the Demonspawn Gladiator began the quest for the Orb.
     0 | D:1      | Reached XP level 1. HP: 16/16 MP: 1/1
   133 | D:1      | Found a faded altar of an unknown god.
   392 | D:1      | Gained mutation: Spells you cast may paralyse adjacent
                  | enemies. [demonic ancestry]
   392 | D:1      | Reached XP level 2. HP: 15/22 MP: 2/2
   554 | D:1      | Slain by a goblin

Illustrated notes

Levels and vault maps discovered:
D:1:      co_arrival_random_square_maze, layout_basic,
          shapermc_ecumenical_altar_mp_urbaneastern, dk_noncrumbling_4,
          minmay_misc_feat_four_crosses

Skill      XL: |  1  2 |
---------------+-------+-----
Maces & Flails | 3 |  3.1
Dodging        | 3 |  3.0
Fighting       | |  2.0
Throwing       | |  1.7
Armour         | |  0.1

Action                   || total
-------------------------++-------
Melee: Flail             ||    56
  Use: Potion            ||     1
Armor: Leather armour    ||    39
Dodge: Dodged            ||    55

Table legend: (Time is in decaauts)
 A = Elapsed time spent in this place.
 B = Non-inter-level travel time spent in this place.
 C = Inter-level travel time spent in this place.
 D = Time resting spent in this place.
 E = Time spent auto-exploring this place.
 F = Levels seen in this place.
 G = Mean time per level.
                   A        B        C        D        E       F      G
               +--------+--------+--------+--------+--------+-----+--------+
         Total |    567 |    567 |      0 |    254 |    122 |   1 |  567.0 |
       Dungeon |    567 |    567 |      0 |    254 |    122 |   1 |  567.0 |
               +--------+--------+--------+--------+--------+-----+--------+

Top non-repeatable levels by time:
     D:1: 567 daAuts
